 Dungeon Crawl Stone Soup version 0.18.1-48-g4cf74bf (webtiles) character file.

280 Heedrag the Conjurer (level 6, -1/32 HPs)
             Began as a Deep Elf Conjurer on Aug 14, 2016.
             Killed by divine providence
             ... invoked by an orc priest
              (15 damage)
             ... on level 3 of the Dungeon.
             The game lasted 00:06:38 (3152 turns).

Heedrag the Conjurer (Deep Elf Conjurer)            Turns: 3152, Time: 00:06:39

Health: -1/32      AC:  2    Str:  7    XL:     6   Next: 5%
Magic:  0/15       EV: 13    Int: 20    God:
Gold:   112        SH:  0    Dex: 15    Spells: 3 memorised, 5 levels left

rFire  . . .     SeeInvis .     m - +1 short sword (venom)
rCold  . . .     Gourm    .     a - +0 robe
rNeg   . . .     Faith    .     (no shield)
rPois  .         Spirit   .     (no helmet)
rElec  .         Dismiss  .     (no cloak)
rCorr  .         Reflect  .     (no gloves)
SustAt .         Harm     .     (no boots)
MR     .....                    (no amulet)
Stlth  ++........               (no ring)
                                (no ring)

@: not resistant to hostile enchantments, unstealthy
A: no striking features
a: no special abilities


You were on level 3 of the Dungeon.
You were not hungry.

You visited 1 branch of the dungeon, and saw 3 of its levels.

You collected 112 gold pieces.

Inventory:

Hand Weapons
 k - a +1 spear of piercing
 m - a +1 short sword of venom (weapon)
Armour
 a - a +0 robe (worn)
Magical Staves
 d - an uncursed staff of earth
Scrolls
 f - a scroll of remove curse {unknown}
 g - 5 scrolls of magic mapping {unknown}
 h - 3 scrolls of immolation {unknown}
 l - a scroll of fog {unknown}
 o - 2 scrolls of noise {unknown}
 p - 2 scrolls of teleportation {unknown}
 q - a scroll of identify {unknown}
 s - 2 scrolls of amnesia {unknown}
 w - a scroll of fear {unknown}
Potions
 e - 2 potions of brilliance {unknown}
 i - a potion of curing {unknown}
 n - a potion of flight {unknown}
 r - a potion of degeneration {unknown}
 t - a potion of heal wounds {unknown}
Books
 b - a book of Conjurations

   Spells                             Type                      Level
   a - Magic Dart                     Conjuration                  1
   b - Searing Ray                    Conjuration                  2
   c - Dazzling Spray                 Conjuration/Hexes            3
   d - Fulminant Prism                Conjuration/Hexes            4
   e - Iskenderun's Mystic Blast      Conjuration                  4
   f - Iskenderun's Battlesphere      Conjuration/Charms           5
Comestibles
 c - 4 bread rations
 j - 2 fruits
 u - 3 chunks of flesh
 v - a meat ration


   Skills:
 - Level 2.4 Dodging
 - Level 2.4 Stealth
 + Level 5.1 Spellcasting
 * Level 7.0 Conjurations
 + Level 1.7 Charms


You had 5 spell levels left.
You knew the following spells:

 Your Spells              Type           Power        Failure   Level  Hunger
a - Magic Dart            Conj           ####         1%          1    None
b - Iskenderun's Mystic   Conj           ####....     10%         4    ####...
c - Iskenderun's Battles  Conj/Chrm      ###.....     58%         5    #####..


Dungeon Overview and Level Annotations

Branches:
Dungeon (3/15)

Altars:
The Shining One


Message History

Press: ? - help, Shift-Dir - straight line, f/p - orc wizard
Aim: an orc wizard, wieldin' a dagger an' wearin' a robe (severely wounded, poison'd) Tha magic dart hits tha orc wizard.
Tha orc wizard be almost dead.
Tha orc wizard hits ye wit' a dagger.
Castin': Magic Dart Confirm wit' . or Enter, or press ? or * ta list all spells.
Aimin': Magic Dart
Press: ? - help, Shift-Dir - straight line, f/p - orc wizard
Aim: an orc wizard, wieldin' a dagger an' wearin' a robe (almost dead, poison'd) Tha magic dart hits tha orc wizard.
Ye kill tha orc wizard!
Yer Conjurations skill increases ta level 7!
Ye haf reached level 6!
Yer 'sperience leads ta an increase in yer attributes!
Increase (S)tr'ngth, (I)ntelligence, or (D)'sterity?
Ye feel stronger.
Tha orc priest calls down tha wrath o' Beogh upon ye.
Beogh smites ye!
Ye die...

....# #..#....##.# #.#.......###
....# ##.#....##.# #.####.†.....
.)..# #.#....##.# #....'.......
....# #.#....##.# ######.......
....# #......##.# #....... ....#
##.....##.# ###......# ....#
#.o...##.# #........+ ....#
##oo..##.# ###.#......# ....#
#.#####@# #...#......#
....######.#####o#####.###......#
######......o)[o.#.......'......#
#.##.....####.###.###......#
#.##..##.# #.#.....#......'
#.##..##.# #.##..#.#......#
#.#......# #.##....###'####
#.#......# #.##.#### #.#
#.#<#....# #.##.# #.#


You could see an orc priest and an orc.

Vanquished Creatures
  A hound (D:3)
  3 orc wizards (D:3)
  5 gnolls
  An adder (D:3)
  A worm (D:3)
  2 dart slugs
  5 giant geckos
  11 orcs (D:3)
  4 ball pythons
  8 bats
  2 giant cockroaches
  10 goblins
  11 hobgoblins
  7 jackals
  11 kobolds
  5 giant newts
  4 rats
91 creatures vanquished.

Notes
Turn   | Place    | Note
--------------------------------------------------------------
     0 | D:1      | Heedrag the Deep Elf Conjurer began the quest for the Orb.
     0 | D:1      | Reached XP level 1. HP: 10/10 MP: 6/6
   194 | D:1      | Reached XP level 2. HP: 15/15 MP: 1/8
   414 | D:1      | Reached skill level 5 in Conjurations
   632 | D:1      | Reached XP level 3. HP: 13/19 MP: 0/10
  1591 | D:2      | Reached XP level 4. HP: 24/24 MP: 4/12
  1962 | D:2      | Found a glowing golden altar of the Shining One.
  2099 | D:3      | Reached skill level 6 in Conjurations
  2420 | D:3      | Reached XP level 5. HP: 28/28 MP: 4/13
  2534 | D:3      | Learned a level 4 spell: Iskenderun's Mystic Blast
  2540 | D:3      | Learned a level 5 spell: Iskenderun's Battlesphere
  2829 | D:3      | Reached skill level 1 in Charms
  3141 | D:3      | Reached skill level 5 in Spellcasting
  3152 | D:3      | Reached skill level 7 in Conjurations
  3152 | D:3      | Reached XP level 6. HP: 13/32 MP: 0/15
  3152 | D:3      | Killed from afar by an orc priest

Skill      XL: |  1  2  3  4  5 |
---------------+----------------+-----
Conjurations   | 5 6 7 |  7.0
Spellcasting   | 4 5 |  5.1
Charms         | 1 |  1.7
Dodging        | |  2.4
Stealth        | |  2.4

Action                   |  1- 3 |  4- 6 || total
-------------------------+-------+-------++-------
Melee: Mace              |    16 |       ||    16
       Short sword       |       |    28 ||    28
 Cast: Magic Dart        |    89 |   101 ||   190
  Eat: Chunk             |     2 |     5 ||     7
Armor: Robe              |     3 |     3 ||     6
Dodge: Dodged            |    27 |    38 ||    65
